 Dungeon Crawl Stone Soup version 0.17.1-2-g5865329 (webtiles) character file.

28 Rukheim the Grave Robber (level 3, -2/25 HPs)
             Began as a Demonspawn Necromancer on Apr 27, 2016.
             Slain by a hobgoblin (5 damage)
             ... on level 2 of the Dungeon.
             The game lasted 00:04:27 (1000 turns).

Rukheim the Grave Robber (Demonspawn Necromancer)   Turns: 1000, Time: 00:04:27

Health: -2/25      AC:  5    Str:  8    XL:     3   Next: 0%
Magic:  5/5        EV:  8    Int: 17    God:
Gold:   76         SH:  0    Dex: 13    Spells: 2 memorised, 4 levels left

rFire  . . .     SeeInvis .     g - +0 short sword
rCold  . . .     Clarity  .     a - +0 robe
rNeg   . . .     SustAt   .     (no shield)
rPois  .         Gourm    .     (no helmet)
rElec  .         Spirit   .     (no cloak)
rCorr  .         Warding  .     (no gloves)
rMut   .         Stasis   .     (no boots)
MR     .....                    (no amulet)
Stlth  ++........               (no ring)
                                (no ring)

@: slowed, constricted, very slow, not resistant to hostile enchantments,
unstealthy
A: molten scales 2, low mp 1, powered by death 1
a: no special abilities


You were on level 2 of the Dungeon.
You were hungry.

You visited 1 branch of the dungeon, and saw 2 of its levels.

You collected 76 gold pieces.

Inventory:

Hand Weapons
 g - a +0 short sword (weapon)
Armour
 a - a +0 robe (worn)
Scrolls
 d - a scroll of amnesia {unknown}
 e - a scroll of identify
Potions
 h - a potion of heal wounds
Books
 b - a book of Necromancy

   Spells                             Type                      Level
   a - Pain                           Necromancy                   1
   b - Animate Skeleton               Necromancy                   1
   c - Vampiric Draining              Necromancy                   3
   d - Regeneration                   Charms/Necromancy            3
   e - Animate Dead                   Necromancy                   4
   f - Control Undead                 Necromancy                   4
Comestibles
 c - 2 bread rations
 f - 2 meat rations


   Skills:
 + Level 0.6 Fighting
 + Level 2.0 Dodging
 + Level 2.1 Stealth
 + Level 2.1 Spellcasting
 + Level 4.9 Necromancy


You had 4 spell levels left.
You knew the following spells:

 Your Spells              Type           Power        Failure   Level  Hunger
a - Pain                  Necr           ###.         2%          1    #......
b - Animate Skeleton      Necr           N/A          2%          1    #......


Dungeon Overview and Level Annotations

Branches:
Dungeon (2/15)

Altars:

Annotations:
D:2 Natasha, Robin


Innate Abilities, Weirdness & Mutations

You regenerate a little health from kills.
You are mostly covered in molten scales (AC +3, EV -1).
Your magical capacity is low (-10% MP).


Message History

The hobgoblin barely misses you. The ball python bites you.
The ball python grabs you. The ball python constricts you. Natasha claws you.
The hobgoblin hits you but does no damage.
The ball python bites you. The ball python constricts you.
You hit the ball python but do no damage.
Natasha claws you.
* * * LOW HITPOINT WARNING * * *
The ball python bites you but does no damage.
The ball python constricts you.
The hobgoblin hits you but does no damage.
Natasha claws you but does no damage.
Your attempt to break free from the ball python fails, but you feel that another attempt might succeed.
The ball python bites you but does no damage.
The ball python constricts you. The hobgoblin barely misses you.
Natasha claws you.
* * * LOW HITPOINT WARNING * * *
The ball python bites you.
* * * LOW HITPOINT WARNING * * *
The ball python constricts you. The hobgoblin hits you.
You die...

### # ....#
#.#. h.. ###
#.# #.###.# #
#..ยง..#.####
#.###@h5...#
#.# #Sg....#
#.# #......#
#<# #......#
### #......#
...!.....
.......##
#......#


You could see Natasha, a white imp, a jackal (wandering), a hobgoblin and a ball
python.

Vanquished Creatures
  3 giant geckos (D:1)
  2 bats (D:1)
  A giant cockroach (D:1)
  4 hobgoblins (D:1)
  4 kobolds (D:1)
  A giant newt (D:1)
  2 goblins (D:1)
  5 rats (D:1)
22 creatures vanquished.

Vanquished Creatures (collateral kills)
  An ooze (D:1)
  A goblin (D:1)
2 creatures vanquished.

Grand Total: 24 creatures vanquished

Notes
Turn   | Place    | Note
--------------------------------------------------------------
     0 | D:1      | Rukheim the Demonspawn Necromancer began the quest for the Orb.
     0 | D:1      | Reached XP level 1. HP: 13/13 MP: 3/3
   218 | D:1      | Gained mutation: You are partially covered in molten scales (AC +1). [potion of mutation]
   218 | D:1      | Gained mutation: You are mostly covered in molten scales (AC +3, EV -1). [potion of mutation]
   218 | D:1      | Gained mutation: Your magical capacity is low (-10% MP). [potion of mutation]
   336 | D:1      | Gained mutation: You regenerate a little health from kills. [demonic ancestry]
   336 | D:1      | Reached XP level 2. HP: 11/19 MP: 4/4
   457 | D:1      | Learned a level 1 spell: Animate Skeleton
   918 | D:2      | Noticed Robin
   933 | D:1      | Reached XP level 3. HP: 25/25 MP: 5/5
   994 | D:2      | Noticed Natasha
  1000 | D:2      | Slain by a hobgoblin

Action                   || total
-------------------------++-------
Melee: Unarmed           ||    17
       Dagger            ||    30
       Short sword       ||    48
 Cast: Pain              ||    12
       Animate Skeleton  ||     4
  Use: Potion            ||     2
       Scroll            ||     2
 Stab: Sleeping          ||     6
